 Dungeon Crawl Stone Soup version 0.30.1-11-g7821555f0a (webtiles) character file.

Game seed: 4327605616387737426

16180 pkoi the Grappler (level 12, -6/96 HPs)
             Began as a Yellow Draconian Monk on Nov 12, 2023.
             Was a Priest of Qazlal.
             Killed from afar by a rime drake (15 damage)
             ... with an icy flash freeze
             ... on level 2 of the Lair of Beasts.
             The game lasted 00:16:26 (13048 turns).

pkoi the Grappler (Yellow Draconian Monk)          Turns: 13048, Time: 00:16:26

Health: -6/96      AC: 15    Str: 15    XL:     12   Next: 7%
Magic:  22/22      EV: 14    Int: 15    God:    Qazlal [***...]
Gold:   788        SH:  4    Dex: 13    Spells: 10/11 levels left

rFire   . .          .
                       - Unarmed
rCold   . . .        d - orb {light}
rNeg    . . .        (body armour unavailable)
rPois   .            D - +0 hat {SInv}
rElec   .            q - +0 cloak
rCorr   +            (no gloves)
SInv    +            l - +1 pair of boots
Will    +....        (no amulet)
Stlth   +            j - ring of willpower
HPRegen 0.36/turn    r - +4 ring of protection
MPRegen 0.18/turn

%: no passive effects
@: glowing
A: spit acid, AC +8, unfitting armour, cold-blooded, acid resistance
a: Breathe Acid, Renounce Religion, Upheaval, Elemental Force


You were on level 2 of the Lair of Beasts.
You worshipped Qazlal.
Qazlal was most pleased with you.
You visited 3 branches of the dungeon, and saw 12 of its levels.
You also visited: Sewer.

You collected 788 gold pieces.

Inventory:

Hand Weapons
 b - the +1 sling "Iptun" {freeze, Str+5 Stlth+}
   (You found it in a sewer)

   Str:       It affects your strength (+5).
   Stlth:     It makes you more stealthy.
 m - a +1 dagger of freezing
 x - a +0 dagger of venom
Armour
 d - an orb of light (worn)
 l - a +1 pair of boots (worn)
 q - a +0 cloak (worn)
 D - a +0 hat of see invisible (worn)
Jewellery
 j - a ring of willpower (left hand)
 p - a ring of fire
 r - a +4 ring of protection (right hand)
 t - a ring of ice
 C - a +5 ring of evasion
Wands
 h - a wand of paralysis (9)
 n - a wand of digging (1)
 z - a wand of roots (2)
Scrolls
 c - 4 scrolls of blinking
 f - 4 scrolls of enchant weapon
 g - a scroll of silence
 i - a scroll of identify
 u - a scroll of brand weapon
 v - 2 scrolls of teleportation
 w - a scroll of fog
 y - 3 scrolls of amnesia
 A - 2 scrolls of vulnerability
 B - 2 scrolls of noise {unknown}
Potions
 a - 3 potions of ambrosia
 e - 3 potions of brilliance
 k - 4 potions of curing
 o - a potion of haste
 s - a potion of flight


   Skills:
 - Level 6.0 Fighting
 - Level 6.0 Dodging
 + Level 14.0 Unarmed Combat
 + Level 13.4 Invocations


You had 10 spell levels left.
You knew the following spells:

 Your Spells              Type           Power      Damage    Failure   Level
a - Apportation           Tloc           0%         N/A       26%         1

Your spell library contained the following spells:

 Spells                   Type           Power      Damage    Failure   Level
 Necrotise                Necr           0%         1d4       26%         1
 Summon Small Mammal      Summ           0%         N/A       26%         1
 Sublimation of Blood     Necr           0%         N/A       38%         2
 Wereblood                Tmut           0%         N/A       38%         2
 Dazzling Flash           Conj/Hex       0%         N/A       63%         3
 Portal Projectile        Hex/Tloc       0%         N/A       63%         3
 Tukima's Dance           Hex            0%         N/A       63%         3
 Volatile Blastmotes      Fire/Tloc      0%         2d10      63%         3
 Iskenderun's Mystic Bla  Conj/Tloc      0%         2d3       95%         4
 Leda's Liquefaction      Hex/Erth       0%         N/A       95%         4
 Summon Lightning Spire   Summ/Air       0%         N/A       95%         4
 Agony                    Necr           0%         N/A       100%        5
 Blade Hands              Tmut           0%         N/A       100%        5
 Fireball                 Conj/Fire      0%         3d3       100%        5
 Iskenderun's Battlesphe  Conj           0%         2d6       100%        5
 Lee's Rapid Deconstruct  Erth           0%         3d4*      100%        5
 Silence                  Hex/Air        0%         N/A       100%        5
 Conjure Ball Lightning   Conj/Air       0%         3x3d6     100%        6
 Starburst                Conj/Fire      0%         6d3       100%        6
 Statue Form              Tmut/Erth      0%         N/A       100%        6
 Orb of Destruction       Conj           0%         9d5       100%        7
 Storm Form               Tmut/Air       0%         N/A       100%        7
 Summon Hydra             Summ           0%         N/A       100%        7
 Maxwell's Capacitive Co  Air            0%         ∞         100%        8


Dungeon Overview and Level Annotations

Branches:
Dungeon (9/15)             Temple (1/1) D:5            Lair (2/5) D:8
  Sewer (visited)
  Swamp: Lair:2-3    Shoals: Lair:2-3     Snake: Lair:2-3    Spider: Lair:2-3
    Orc: D:9-12

Altars:
Ashenzari
Cheibriados
Dithmenos
Elyvilon
Fedhas
Gozag
Hepliaklqana
Kikubaaqudgha
Makhleb
Nemelex Xobeh
Okawaru
Qazlal
Ru
Sif Muna
Trog
Uskayaw
Vehumet
Wu Jian
Xom
Yredelemnul
Zin
The Shining One

Shops:
D:2 =:

Annotations:
D:4 2 transporters, booth's ghost, amateur DsMo
D:8 4 transporters


Innate Abilities, Weirdness & Mutations

You can spit globs of acid.
Your golden yellow scales are hard. (AC +8)
You cannot fit into any form of body armour.
You are cold-blooded and may be slowed by cold attacks.
You are resistant to acid. (rCorr)


Message History

The black bear dies!
Qazlal accepts your kill.
Your air elemental hits the yak.
Unknown command.
Unknown command.
Your air elemental closely misses the yak.
Your air elemental hits the yak.
Your air elemental fires a burst of electricity at the yak.
The stunning burst hits the yak!
The yak is paralysed.
Your air elemental hits the yak.
The yak misses your air elemental.
Your water elemental hits the yak!
The yak dies!
Qazlal accepts your kill.
Unknown command.
You have got your breath back.
Your air elemental fires a burst of electricity at the yak.
The stunning burst hits the yak!
The yak is paralysed.
Your air elemental hits the yak. x2
Your air elemental fires a burst of electricity at the yak.
The stunning burst hits the yak!
Your air elemental hits the yak!
The yak dies!
Qazlal accepts your kill.
Your Unarmed Combat skill increases to level 14!
Your water elemental disappears in a puff of smoke!
Found a scroll of teleportation.
Your air elemental disappears in a puff of smoke!
Your air elemental disappears in a puff of smoke!
You hear an angry hiss.
A rime drake comes into view.
You can't go up here!
The rime drake breathes ice at you. The icy flash freeze hits you.
* * * LOW HITPOINT WARNING * * *
You are encased in ice.
The ice encasing you melts away. The rime drake breathes ice at you.
The icy flash freeze misses you. The rime drake breathes ice at you.
The icy flash freeze hits you!
You die...

## ##### ### #### #### ####.
##.#P#######P###..####..#####^#..
................@.....k..........
........#P###.#...○..............
...<....### ###...°.........####P
........# ##.......###..# ##
......<.# #P.....####...##
.##.....# ##.....## #....# ##
###.....#######......P# ##...###?
#...†.................#........
#...÷..........................


You could see a rime drake (catching breath).

Vanquished Creatures
  Gastronok (Lair:1)
  Fannar (D:8)
  2 two-headed ogres (D:9)
  A manticore (D:7)
  A black mamba (Lair:2)
  4 cane toads
  2 rime drakes (Lair:2)
  3 komodo dragons
  A troll (D:9)
  A hornet (D:7)
  8 blink frogs
  A wyvern (D:8)
  A wraith (D:8)
  22 yaks
  2 steam dragons
  2 water moccasins
  2 black bears
  7 orc warriors
  2 sky beasts
  2 ogres
  A centaur (D:9)
  8 bullfrogs
  A kobold brigand (D:9)
  A gnoll sergeant (D:5)
  A scorpion (D:5)
  11 killer bees
  11 howler monkeys
  An electric eel (Lair:1)
  A jelly (D:7)
  2 hounds (D:5)
  2 orc priests
  7 iguanas
  3 sleepcaps
  13 orc wizards
  13 adders
  9 gnolls
  A shadow imp (D:5)
  A white imp (D:6)
  An ufetubus (D:7)
  A worm (D:5)
  2 dart slugs
  20 orcs
  7 ball pythons
  4 bats
  7 endoplasms
  12 giant cockroaches
  7 goblins
  5 hobgoblins
  6 jackals (D:1)
  7 quokkas
  10 frilled lizards
  14 kobolds
  7 rats
263 creatures vanquished.

Vanquished Creatures (collateral kills)
  3 yaks (Lair:2)
  A black bear (Lair:2)
4 creatures vanquished.

Grand Total: 267 creatures vanquished

Notes
Turn   | Place    | Note
-------+----------+-------------------------------------------
     0 | D:1      | pkoi the Draconian Monk began the quest for the Orb.
     0 | D:1      | Reached XP level 1. HP: 19/19 MP: 1/1
    90 | D:1      | Reached XP level 2. HP: 26/26 MP: 2/2
   408 | D:1      | Reached skill level 4 in Unarmed Combat
   789 | D:2      | Reached XP level 3. HP: 28/31 MP: 3/3
   867 | D:2      | Found Tapeikug's Jewellery Boutique.
  1017 | D:2      | Found Pakudaogi's Vocational Training.
  1157 | D:3      | Reached XP level 4. HP: 7/38 MP: 4/4
  1167 | D:3      | Reached skill level 5 in Unarmed Combat
  1399 | D:3      | Found a faded altar of an unknown god.
  1418 | D:3      | Found a glowing drain.
  1438 | Sewer    | Entered a sewer
  1622 | Sewer    | Reached XP level 5. HP: 38/45 MP: 5/5
  1830 | Sewer    | Reached skill level 6 in Unarmed Combat
  1867 | Sewer    | Reached XP level 6. HP: 51/51 MP: 6/6
  1912 | Sewer    | Identified the +1 sling "Iptun" {freeze, Str+5 Stlth+}
  1914 | Sewer    | Identified the +7 chain mail of Nibbunaa {Str+3 Dex+2
                  | Slay+4}
  2175 | D:3      | Reached skill level 7 in Unarmed Combat
  2262 | D:3      | Found a shadowy altar of Dithmenos.
  2741 | D:4      | Noticed a steam dragon
  2763 | D:4      | Killed a steam dragon
  2764 | D:4      | Reached skill level 8 in Unarmed Combat
  2764 | D:4      | Your scales start taking on a golden yellow colour.
  2764 | D:4      | Reached XP level 7. HP: 37/57 MP: 7/7
  2764 | D:4      | Gained mutation: You are resistant to acid. (rCorr) [Yellow
                  | Draconian growth]
  2980 | D:4      | Found a transporter.
  2980 | D:4      | Noticed booth's ghost (amateur DsMo)
  2991 | D:4      | Found a transporter.
  3569 | D:4      | Found a stormy altar of Qazlal.
  3688 | D:4      | Became a worshipper of Qazlal Stormbringer
  3688 | D:4      | Reached * piety under Qazlal
  3688 | D:4      | Reached ** piety under Qazlal
  3910 | D:5      | Entered Level 5 of the Dungeon
  3983 | D:5      | Reached skill level 1 in Invocations
  3994 | D:5      | Reached skill level 9 in Unarmed Combat
  4186 | D:5      | Learned a level 1 spell: Apportation
  4448 | D:5      | Reached XP level 8. HP: 63/63 MP: 10/10
  4462 | D:5      | Found a staircase to the Ecumenical Temple.
  5319 | Temple   | Entered the Ecumenical Temple
  5683 | D:6      | Reached skill level 5 in Fighting
  5829 | D:6      | Reached skill level 5 in Invocations
  6053 | D:6      | Reached XP level 9. HP: 69/74 MP: 13/13
  6165 | D:6      | Reached skill level 5 in Dodging
  6926 | D:7      | Reached *** piety under Qazlal
  7233 | D:7      | Noticed a manticore
  7244 | D:7      | Killed a manticore
  7245 | D:7      | Reached skill level 10 in Unarmed Combat
  7957 | D:7      | Paralysed by a hornet for 3 turns
  7961 | D:7      | Reached XP level 10. HP: 57/83 MP: 16/16
  8405 | D:8      | Found a transporter.
  8782 | D:8      | Found a transporter.
  8900 | D:8      | Found an iron altar of Okawaru.
  8960 | D:8      | Found a staircase to the Lair.
  9082 | D:8      | Found a transporter.
  9097 | D:8      | Found a transporter.
  9236 | D:9      | Noticed a two-headed ogre
  9246 | D:9      | Killed a two-headed ogre
  9247 | D:9      | Reached skill level 11 in Unarmed Combat
  9445 | D:9      | Identified the +9 hand axe of Sudden Death {flame, *Noise
                  | Int+4}
  9463 | D:9      | Noticed a two-headed ogre
  9489 | D:9      | Killed a two-headed ogre
  9490 | D:9      | Reached skill level 10 in Invocations
 10089 | D:9      | Reached skill level 12 in Unarmed Combat
 10412 | D:9      | Reached XP level 11. HP: 65/89 MP: 19/19
 10488 | D:9      | Found a glowing silver altar of Zin.
 10496 | D:9      | Found a blossoming altar of Fedhas.
 10503 | D:9      | Found a burning altar of Makhleb.
 10641 | D:9      | Identified the +4 ring mail of Gehenna {rElec rC- Will++
                  | Dex+4}
 10736 | Lair:1   | Entered Level 1 of the Lair of Beasts
 10736 | Lair:1   | Noticed Fannar
 10741 | D:8      | Killed Fannar
 10754 | D:8      | Reached **** piety under Qazlal
 11641 | Lair:1   | Found a stormy altar of Qazlal.
 11841 | Lair:1   | Noticed Gastronok
 11854 | Lair:1   | Killed Gastronok
 11855 | Lair:1   | Reached skill level 13 in Unarmed Combat
 13002 | Lair:2   | Reached XP level 12. HP: 68/96 MP: 21/21
 13017 | Lair:2   | HP: 1/96 [yak (4)]
 13022 | Lair:2   | Reached skill level 14 in Unarmed Combat
 13048 | Lair:2   | Killed from afar by a rime drake

Illustrated notes

Levels and vault maps discovered:
D:1:      dpeg_arrival_leaves_temple_mockup, layout_rooms, serial_bayou_ford_a
D:2:      layout_rooms, serial_shops, nicolae_shop_gaudy_bauble,
          hex_intersection, nicolae_shop_vocational
D:3:      layout_rooms, old_standard_altar, ebering_ecumenical_altar_abandoned,
          portal_sewer_entry_d, minmay_misc_feat_tiny,
          kennysheep_generic_room_10
D:4:      layout_gridville, mainiacjoe_overflow_alcove_4, gammafunk_ghost_arena
D:5:      layout_loops_corners, minmay_temple_entry_waves
D:6:      layout_basic
D:7:      layout_layer_cave
D:8:      layout_basic, okawaru_altar_gauntlet_db, lair_entry_dummy,
          nicolae_diode_intersection
D:9:      layout_loops_cross, minmay_overflow_temple_star_quad,
          kennysheep_generic_room_13
Temple:   lightli_temple_of_artemis
Lair:1:   layout_long_grid, basic_altar, chequers_serial_rivers_micro_c,
          hangedman_lair_unloving_vines, infiniplex_staircase_pool,
          uniq_gastronok, uniq_fannar
Lair:2:   layout_chaotic_city

Skill      XL: |  1  2  3  4  5  6  7  8  9 10 11 12 |
---------------+-------------------------------------+-----
Unarmed Combat | 4 5 6 8 9 10 12 13 14 | 14.0
Invocations    | 3 5 8 10 13 | 13.4
Dodging        | 4 6 |  6.0
Fighting       | 5 6 |  6.0

Action                     |  1- 3 |  4- 6 |  7- 9 | 10-12 || total
---------------------------+-------+-------+-------+-------++-------
  Melee: Unarmed           |   100 |   127 |   221 |   363 ||   811
         Tailslap          |    16 |    25 |    44 |    91 ||   176
   Fire: Sling             |       |    46 |   118 |     7 ||   171
 Invoke: Upheaval          |       |       |       |     6 ||     6
         Elemental Force   |       |       |       |     1 ||     1
Ability: Breathe Acid      |       |       |    12 |    15 ||    27
    Use: Scroll            |       |     8 |     8 |     2 ||    18
         Potion            |       |       |     3 |     2 ||     5
 Armour: Skin              |    28 |    52 |    73 |    91 ||   244
  Dodge: Dodged            |    65 |    82 |   119 |   192 ||   458
  Block: Orb               |       |       |    31 |    73 ||   104
